 Dungeon Crawl Stone Soup version 0.24.0-123-gd5b16e6ec5 (webtiles) character file.

Game seed: 2379764592232117337, levelgen mode: deterministic

16216 sankara the Covert (level 12, -26/84 HPs)
             Began as a Vampire Enchanter on Jan 12, 2020.
             Was an Elder of Kikubaaqudgha.
             Hit by a javelin thrown by a minotaur (36 damage)
             ... in a Gauntlet.
             The game lasted 01:55:33 (15921 turns).

sankara the Covert (Vampire Enchanter)             Turns: 15921, Time: 01:55:33

Health: -26/84     AC: 10    Str:  9    XL:     12   Next: 8%
Magic:  6/21       EV: 16    Int: 21    God:    Kikubaaqudgha [****..]
Gold:   859        SH:  9    Dex: 16    Spells: 0/24 levels left

rFire    . . .     SeeInvis +   a - +1 dagger (elec)
rCold    . . .     Gourm    .   f - +2 buckler
rNeg     . . .     Faith    .   G - +1 robe {MR+}
rPois    +         Spirit   .   k - +0 helmet
rElec    .         Reflect  +   l - scarf {repulsion}
rCorr    .         Harm     .   u - +2 pair of gloves
MR       ++...     NoTele   +   V - +2 pair of boots
Stlth    ++++++....             o - +2 amulet of reflection
HPRegen  0.44/turn              I - +2 ring of strength
MPRegen  0.17/turn              J - ring of poison resistance

@: regenerating quickly, repel missiles
A: no food, fangs 3, see invisible, unbreathing
a: Exsanguinate, Receive Corpses, Renounce Religion


You were in a Gauntlet.
You worshipped Kikubaaqudgha.
Kikubaaqudgha was greatly pleased with you.
You were alive.

You visited 3 branches of the dungeon, and saw 14 of its levels.
You visited the Abyss 1 time.
You also visited: Ossuary and Gauntlet.

You collected 859 gold pieces.

Inventory:

Hand Weapons
 a - a +1 dagger of electrocution (weapon)
 H - a +1 short sword of draining
 S - a +4 scimitar of flaming
Missiles
 C - 3 throwing nets (quivered)
Armour
 f - a +2 buckler (worn)
 k - a +0 helmet (worn)
 l - a scarf of repulsion (worn)
 u - a +2 pair of gloves (worn)
 G - a +1 robe of magic resistance (worn)
 V - a +2 pair of boots (worn)
 X - the +1 leather armour of Xuidim {rF+ MR++ Int-5 Slay+5}
   (You found it on level 2 of the Lair of Beasts)

   It affects your intelligence (-5).
   It affects your accuracy and damage with ranged weapons and melee attacks
   (+5).
   It protects you from fire.
   It affects your resistance to hostile enchantments.
Magical Staves
 b - an uncursed staff of power
Jewellery
 j - the ring of Zivus {rPois MR- Str+3 Int+3 Dex+4, unknown}
   (You found it in a Gauntlet)

   [ring of intelligence]

   It affects your strength (+3).
   It affects your intelligence (+3).
   It affects your dexterity (+4).
   It protects you from poison.
   It affects your resistance to hostile enchantments.
 o - a +2 amulet of reflection (around neck)
 t - an uncursed ring of resist corrosion
 F - an uncursed ring of protection from cold
 I - a +2 ring of strength (left hand)
 J - a ring of poison resistance (right hand)
 T - an uncursed ring of fire
Wands
 d - a wand of acid (11)
 E - a wand of flame (33)
 M - a wand of disintegration (31)
 N - a wand of iceblast (14)
 Q - a wand of digging (5)
Scrolls
 c - 7 scrolls of teleportation
 p - 4 scrolls of magic mapping
 r - 7 scrolls of remove curse
 w - a scroll of vulnerability {unknown}
 x - a scroll of brand weapon {unknown}
 L - 3 scrolls of immolation {unknown}
 O - a scroll of random uselessness {unknown}
 R - 2 scrolls of fog {unknown}
 U - a scroll of acquirement {unknown}
 Z - a scroll of amnesia
Potions
 e - 9 potions of curing
 g - a potion of lignification
 h - 2 potions of brilliance
 i - a potion of mutation {unknown}
 n - 2 potions of heal wounds
 v - a potion of agility
 z - 3 potions of ambrosia
 A - 4 potions of flight
 B - 2 potions of haste
 D - a potion of might
 K - 2 potions of resistance
 W - 3 potions of berserk rage
 Y - 3 potions of cancellation


   Skills:
 - Level 4.5 Fighting
 - Level 4.0 Short Blades
 - Level 6.3 Dodging
 - Level 14.0 Stealth
 - Level 5.1 Shields
 - Level 6.5 Spellcasting
 + Level 10.2 Hexes
 + Level 9.2 Necromancy
 + Level 6.1 Ice Magic
 - Level 3.3 Evocations


You couldn't memorise any spells.
You knew the following spells:

 Your Spells              Type           Power        Failure   Level  Hunger
a - Death Channel         Necr           #####.....   32%         6    N/A
b - Ensorcelled Hibernat  Hex/Ice        #####.       1%          2    N/A
c - Confuse               Hex            #####...     1%          3    N/A
d - Dazzling Spray        Conj/Hex       ####..       3%          3    N/A
e - Regeneration          Chrm/Necr      ####......   4%          3    N/A
f - Vampiric Draining     Necr           #####.....   1%          3    N/A
g - Corpse Rot            Necr           N/A          1%          2    N/A
h - Sublimation of Blood  Necr           #####.....   1%          2    N/A

Your spell library contained the following spells:

 Spells                   Type           Power        Failure   Level  Hunger
 Confusing Touch          Hex            #####.       1%          1    N/A
 Corona                   Hex            #####..      1%          1    N/A
 Freeze                   Ice            ####         1%          1    N/A
 Pain                     Necr           ####         1%          1    N/A
 Slow                     Hex            #####...     1%          2    N/A
 Tukima's Dance           Hex            #####...     1%          3    N/A
 Spectral Weapon          Hex/Chrm       ####....     3%          3    N/A
 Throw Frost              Conj/Ice       ###...       4%          2    N/A
 Dispel Undead            Necr           #####...     6%          5    N/A
 Ozocubu's Armour         Chrm/Ice       ###.....     8%          3    N/A
 Metabolic Englaciation   Hex/Ice        #####.....   9%          5    N/A
 Infusion                 Chrm           #...         10%         1    N/A
 Magic Dart               Conj           #...         10%         1    N/A
 Fulminant Prism          Conj/Hex       ####......   11%         4    N/A
 Searing Ray              Conj           #.....       14%         2    N/A
 Shroud of Golubria       Chrm/Tloc      #.....       14%         2    N/A
 Song of Slaying          Chrm           #.......     14%         2    N/A
 Summon Ice Beast         Ice/Summ       ###.....     26%         4    N/A
 Throw Icicle             Conj/Ice       ###.....     26%         4    N/A
 Gell's Gravitas          Tloc           #.........   28%         3    N/A
 Yara's Violent Unravell  Hex/Tmut       ####......   30%         5    N/A
 Borgnjor's Vile Clutch   Necr/Erth      ####......   36%         5    N/A
 Excruciating Wounds      Chrm/Necr      ####......   36%         5    N/A
 Simulacrum               Ice/Necr       #####.....   52%         6    N/A
 Force Lance              Conj/Tloc      #.......     67%         4    N/A
 Iskenderun's Mystic Bla  Conj           #.......     67%         4    N/A
 Petrify                  Tmut/Erth      #.......     67%         4    N/A
 Bolt of Magma            Conj/Fire/Erth #.........   95%         5    N/A
 Iskenderun's Battlesphe  Conj/Chrm      #.......     95%         5    N/A
 Venom Bolt               Conj/Pois      #.........   95%         5    N/A
 Iron Shot                Conj/Erth      #.........   100%        6    N/A
 Orb of Destruction       Conj           #.........   100%        7    N/A
 Spellforged Servitor     Conj/Summ      #.........   100%        7    N/A

Dungeon Overview and Level Annotations

Branches:
Dungeon (10/15)            Temple (1/1) D:4            Lair (3/6) D:10
  Swamp (0/4) Lair:3        Snake (0/4) Lair:3      Ossuary (visited)
Gauntlet (1/1)
    Orc: D:9-12

Altars:
Ashenzari
Cheibriados
Dithmenos
Elyvilon
Fedhas
Gozag
Hepliaklqana
Kikubaaqudgha
Makhleb
Nemelex Xobeh
Okawaru
Qazlal
Ru
Sif Muna
Trog
Uskayaw
Vehumet
Wu Jian
Xom
Yredelemnul
Zin
The Shining One

Shops:
D:7 }   D:8 %   D:10 }

Annotations:
D:3 2 transporters
D:9 3 runed translucent doors, mortelune's ghost, journeyman GrFE Gauntlet 8 transporters, 1 runed translucent door


Innate Abilities, Weirdness & Mutations

You do not eat.
Your natural rate of healing is unusually fast.
You have razor-sharp teeth.
You have supernaturally acute eyesight. (SInv)
You can survive without breathing.


Message History

The minotaur hits you with a +0 club.
The minotaur gores you but does no damage.
Casting: Ensorcelled Hibernation (safe; 1% risk of failure)
Confirm with . or Enter, or press ? or * to list all spells.
Aiming: Ensorcelled Hibernation (safe; 1% risk of failure)
Press: ? - help, Shift-Dir - straight line, f/p - minotaur
Aim: a minotaur, wielding a +0 club, wearing a +0 chain mail and wearing an uncursed ring of magical power (chance to defeat MR: 8%)
The minotaur resists with almost no effort.
Casting: Ensorcelled Hibernation (safe; 1% risk of failure)
Confirm with . or Enter, or press ? or * to list all spells.
Aiming: Ensorcelled Hibernation (safe; 1% risk of failure)
Press: ? - help, Shift-Dir - straight line, f/p - minotaur
Aim: a minotaur, wielding a +0 club, wearing a +0 chain mail and wearing an uncursed ring of magical power (chance to defeat MR: 8%)
The minotaur resists with almost no effort.
The minotaur hits you with a +0 club!!
* * * LOW HITPOINT WARNING * * *
The minotaur barely misses you.
The minotaur throws a javelin.
The javelin pierces through you!!!
You die...
Kikubaaqudgha rasps: "You have failed me!
Welcome... death!"

#####.#
#.....#
#.#######
#.#.....#
#.#.###.#
#.#.#∩#.#
#.#.#H#.#
#.#Z#.#.#
#.#†@Z#.#
#.#####.#
#.......#
#########


You could see a minotaur and 2 friendly spectral wizards.

Vanquished Creatures
  A hydra (Lair:1)
  Erica (D:9)
  A queen ant (Gauntlet)
  Nergalle (Lair:3)
  2 wizards (Gauntlet)
  A spiny frog (Lair:3)
  A komodo dragon (Lair:1)
  A polar bear (Lair:1)
  2 trolls (D:10)
  3 blink frogs (Lair:2)
  2 hippogriffs
  A vampire (D:10)
  A wyvern (Lair:3)
  17 yaks
  2 wraiths (Ossuary)
  Eustachio (D:6)
  Menkaure (D:5)
  4 small abominations (Gauntlet)
  5 soldier ants (Gauntlet)
  Duvessa (D:5)
  4 water moccasins
  4 porcupines
  4 ice beasts
  4 orc warriors
  2 black bears
  4 ogres
  2 centaurs
  3 wolves
  An elf zombie (D:4)
  2 crocodiles
  2 big kobolds
  12 bullfrogs
  An elf skeleton (D:4)
  Dowan (D:5)
  2 scorpions
  A water moccasin skeleton (D:9)
  4 killer bees
  10 wights
  3 howler monkeys
  4 crimson imps
  A centaur zombie (D:8)
  2 human zombies (D:4)
  A bullfrog zombie (D:9)
  2 jellies
  A centaur skeleton (D:5)
  18 orc wizards
  Crazy Yiuf (D:7)
  2 bullfrog skeletons
  6 orc priests
  2 hounds
  A human skeleton (D:4)
  7 worker ants
  4 iguanas
  A killer bee zombie (D:10)
  A hound skeleton (D:4)
  A worker ant zombie (D:10)
  10 adders
  4 gnolls (D:6)
  3 shadow imps
  6 white imps
  3 ufetubi (D:8)
  An ooze (D:1)
  2 adder skeletons
  3 worms (D:2)
  A dart slug (D:1)
  An adder simulacrum (D:8)
  8 leopard geckos
  53 orcs
  5 giant cockroaches
  16 goblins
  14 hobgoblins
  4 jackals
  14 kobolds
  4 quokkas
  A ball python skeleton (Ossuary)
  9 bats
  4 frilled lizards
  A hobgoblin skeleton (Ossuary)
  A hobgoblin zombie (Ossuary)
  A jackal skeleton (D:4)
  2 kobold zombies (Ossuary)
  A leopard gecko skeleton (D:3)
  An orc skeleton (Ossuary)
  2 orc zombies
  5 rats
350 creatures vanquished.

Vanquished Creatures (collateral kills)
  A soldier ant (Gauntlet)
  A shadow imp (Gauntlet)
  A white imp (Gauntlet)
  A plant (Gauntlet)
4 creatures vanquished.

Vanquished Creatures (others)
  A bullfrog skeleton (D:4)
  12 fungi (D:10)
  4 plants
17 creatures vanquished.

Grand Total: 371 creatures vanquished

Notes
Turn   | Place    | Note
-------+----------+-------------------------------------------
     0 | D:1      | sankara the Vampire Enchanter began the quest for the Orb.
     0 | D:1      | Reached XP level 1. HP: 13/13 MP: 3/3
   257 | D:1      | Reached skill level 5 in Stealth
   257 | D:1      | Reached XP level 2. HP: 19/19 MP: 5/5
   339 | D:1      | Learned a level 2 spell: Ensorcelled Hibernation
   734 | D:1      | Reached XP level 3. HP: 24/24 MP: 1/6
  1377 | D:2      | Reached skill level 1 in Ice Magic
  1439 | D:2      | Reached skill level 1 in Shields
  1533 | D:2      | Reached XP level 4. HP: 30/30 MP: 7/7
  1603 | D:2      | Reached skill level 5 in Hexes
  1668 | D:2      | Found a shimmering blue altar of Sif Muna.
  2242 | D:3      | Learned a level 3 spell: Confuse
  2347 | D:3      | Reached skill level 6 in Stealth
  2431 | D:3      | Reached XP level 5. HP: 35/35 MP: 8/8
  2794 | D:3      | Found a hazy altar of Hepliaklqana.
  3024 | D:3      | Found a transporter.
  3040 | D:3      | Found a transporter.
  3647 | D:4      | Noticed an ogre
  3650 | D:4      | Killed an ogre
  3650 | D:4      | Reached XP level 6. HP: 41/41 MP: 9/9
  3655 | D:4      | Learned a level 3 spell: Tukima's Dance
  3786 | D:4      | Found a sand-covered staircase.
  3797 | D:4      | Reached skill level 7 in Stealth
  3821 | D:4      | Reached XP level 7. HP: 40/46 MP: 7/10
  3883 | Ossuary  | Entered an ossuary
  4100 | Ossuary  | Noticed a wraith
  4100 | Ossuary  | Noticed a flying skull
  4109 | Ossuary  | Noticed a flying skull
  4124 | Ossuary  | Noticed a flying skull
  4131 | Ossuary  | Noticed a wraith
  4133 | Ossuary  | Killed a wraith
  4138 | Ossuary  | Learned a level 3 spell: Dazzling Spray
  4159 | Ossuary  | Noticed a flying skull
  4167 | Ossuary  | Reached skill level 8 in Stealth
  4177 | Ossuary  | Noticed a flying skull
  4180 | Ossuary  | Noticed a wraith
  4182 | Ossuary  | Killed a wraith
  4182 | Ossuary  | Reached XP level 8. HP: 52/52 MP: 12/14
  4805 | D:4      | Reached skill level 9 in Stealth
  4908 | D:3      | Reached skill level 5 in Spellcasting
  5164 | D:4      | Found a bloodstained altar of Trog.
  5551 | D:4      | Found a staircase to the Ecumenical Temple.
  5560 | Temple   | Entered the Ecumenical Temple
  5803 | Temple   | Became a worshipper of Kikubaaqudgha
  5857 | D:5      | Entered Level 5 of the Dungeon
  6178 | D:5      | Noticed Menkaure
  6185 | D:5      | Killed Menkaure
  6185 | D:5      | Reached skill level 10 in Stealth
  6185 | D:5      | Reached XP level 9. HP: 57/57 MP: 12/16
  6399 | D:5      | Noticed Dowan
  6406 | D:5      | Noticed Duvessa
  6575 | D:5      | Found a sparkling altar of Nemelex Xobeh.
  6863 | D:5      | Killed Duvessa
  6868 | D:5      | Killed Dowan
  7283 | D:6      | Found a shimmering altar of Xom.
  7283 | D:6      | Found a shimmering altar of Xom.
  7283 | D:6      | Found a shimmering altar of Xom.
  7284 | D:6      | Found a shimmering altar of Xom.
  7317 | D:6      | Found a snail-covered altar of Cheibriados.
  7479 | D:6      | Noticed Eustachio
  7488 | D:6      | Killed Eustachio
  7488 | D:6      | Reached skill level 11 in Stealth
  7488 | D:6      | Reached skill level 5 in Shields
  7847 | D:6      | Found a shimmering altar of Xom.
  7860 | D:6      | Found a shimmering altar of Xom.
  7909 | D:6      | Reached skill level 1 in Fighting
  7909 | D:6      | Reached skill level 1 in Evocations
  7968 | D:6      | Cast into level 3 of the Abyss (a distortion unwield)
  7986 | D:6      | Escaped the Abyss
  8304 | D:6      | Reached * piety under Kikubaaqudgha
  8304 | D:6      | Identified Kikubaaqudgha's Volume of Darkness
                  | (Kikubaaqudgha gifted it to you on level 6 of the Dungeon)
  8304 | D:6      | Received a gift from Kikubaaqudgha
  8308 | D:6      | Learned a level 1 spell: Pain
  8312 | D:6      | Learned a level 3 spell: Vampiric Draining
  8462 | D:6      | Learned a level 3 spell: Regeneration
  8621 | D:7      | Found a burning altar of Makhleb.
  8623 | D:7      | Reached skill level 1 in Necromancy
  8812 | D:7      | Found Niro's Gadget Emporium.
  9355 | D:7      | Found a runed translucent door.
  9356 | D:7      | Noticed Crazy Yiuf
  9405 | D:7      | Killed Crazy Yiuf
  9527 | D:8      | Reached skill level 12 in Stealth
  9815 | D:8      | Reached XP level 10. HP: 51/68 MP: 8/17
  9818 | D:8      | Reached ** piety under Kikubaaqudgha
  9975 | D:8      | Found Afio's Food Boutique.
 10557 | D:9      | Found a bloodstained altar of Trog.
 10718 | D:9      | Noticed Erica
 10743 | D:9      | Killed Erica
 10743 | D:9      | Reached skill level 5 in Dodging
 10883 | D:9      | Found a shattered altar of Ashenzari.
 10937 | D:9      | Found a basalt altar of Yredelemnul.
 10973 | D:9      | Found a runed translucent gate.
 10974 | D:9      | Found a runed translucent gate.
 10975 | D:9      | Found a runed translucent gate.
 11002 | D:9      | Noticed mortelune's ghost (journeyman GrFE)
 11451 | D:9      | Found a glowing silver altar of Zin.
 11605 | D:9      | Noticed an angel
 11692 | D:10     | Entered Level 10 of the Dungeon
 11795 | D:10     | Found Yralak's Gadget Shoppe.
 12057 | D:10     | Reached skill level 13 in Stealth
 12261 | D:10     | Reached *** piety under Kikubaaqudgha
 12261 | D:10     | Identified Kikubaaqudgha's Incunabulum of Dark Arts
                  | (Kikubaaqudgha gifted it to you on level 10 of the Dungeon)
 12261 | D:10     | Received a gift from Kikubaaqudgha
 12261 | D:10     | Reached skill level 5 in Necromancy
 12525 | D:10     | Found a staircase to the Lair.
 12559 | D:10     | Reached XP level 11. HP: 78/78 MP: 3/18
 13126 | Lair:1   | Entered Level 1 of the Lair of Beasts
 13344 | Lair:1   | Reached skill level 14 in Stealth
 13401 | Lair:1   | Noticed a four-headed hydra
 13414 | Lair:1   | HP: 1/78 [four-headed hydra (15)]
 13445 | Lair:1   | Killed a four-headed hydra
 13983 | Lair:2   | Got a bronze leather armour
 13998 | Lair:2   | Identified the +1 leather armour of Xuidim {rF+ MR++ Int-5
                  | Slay+5} (You found it on level 2 of the Lair of Beasts)
 14025 | Lair:2   | Identified the Disquisition on Supportive Beguiling
 14664 | Lair:2   | Reached **** piety under Kikubaaqudgha
 14686 | Lair:2   | Learned a level 2 spell: Corpse Rot
 15031 | Lair:3   | Reached skill level 5 in Ice Magic
 15043 | Lair:3   | Noticed Nergalle
 15077 | Lair:3   | Killed Nergalle
 15116 | Lair:3   | Found a staircase to the Snake Pit.
 15150 | Lair:3   | Found a gate leading to a gauntlet.
 15181 | Gauntlet | Entered a Gauntlet
 15181 | Gauntlet | Found a transporter.
 15188 | Gauntlet | Found a transporter.
 15190 | Gauntlet | Found a transporter.
 15199 | Gauntlet | Noticed a death scarab
 15201 | Gauntlet | Found a transporter.
 15202 | Gauntlet | Found a transporter.
 15204 | Gauntlet | Noticed a wizard
 15206 | Gauntlet | Noticed a wizard
 15210 | Gauntlet | Found a transporter.
 15226 | Gauntlet | Noticed a hell beast
 15227 | Gauntlet | Found a transporter.
 15237 | Gauntlet | Found a transporter.
 15240 | Gauntlet | Found a runed translucent door.
 15240 | Gauntlet | Found a runed translucent door.
 15242 | Gauntlet | Noticed a wizard
 15244 | Gauntlet | Noticed a wizard
 15249 | Gauntlet | Found a transporter.
 15263 | Gauntlet | Found a transporter.
 15278 | Gauntlet | Found a transporter.
 15279 | Gauntlet | Noticed a queen ant
 15299 | Gauntlet | Found a transporter.
 15299 | Gauntlet | Found a transporter.
 15342 | Gauntlet | Found a transporter.
 15376 | Gauntlet | Noticed a sea snake
 15376 | Gauntlet | a swamp worm changed into a sea snake
 15380 | Gauntlet | a sea snake changed into a merfolk
 15459 | Gauntlet | Noticed a swamp dragon
 15462 | Gauntlet | Noticed a harpy
 15466 | Gauntlet | Noticed a satyr
 15471 | Gauntlet | a harpy changed into a queen bee
 15471 | Gauntlet | Noticed a seven-headed hydra
 15471 | Gauntlet | a satyr changed into a seven-headed hydra
 15472 | Gauntlet | Noticed an entropy weaver
 15472 | Gauntlet | a seven-headed hydra changed into an entropy weaver
 15478 | Gauntlet | Noticed a storm dragon
 15485 | Gauntlet | Noticed an azure jelly
 15485 | Gauntlet | Noticed a fire giant
 15485 | Gauntlet | an azure jelly changed into a fire giant
 15488 | Gauntlet | Noticed a quicksilver dragon
 15488 | Gauntlet | a fire giant changed into a quicksilver dragon
 15491 | Gauntlet | Noticed an alligator snapping turtle
 15491 | Gauntlet | a quicksilver dragon changed into an alligator snapping
                  | turtle
 15499 | Gauntlet | Noticed an iron troll
 15499 | Gauntlet | an alligator snapping turtle changed into an iron troll
 15500 | Gauntlet | Noticed a sphinx
 15500 | Gauntlet | an iron troll changed into a sphinx
 15501 | Gauntlet | Noticed an azure jelly
 15501 | Gauntlet | a sphinx changed into an azure jelly
 15502 | Gauntlet | Noticed a quicksilver dragon
 15502 | Gauntlet | an azure jelly changed into a quicksilver dragon
 15764 | Gauntlet | Learned a level 6 spell: Death Channel
 15777 | Gauntlet | Killed a queen ant
 15792 | Gauntlet | Reached skill level 10 in Hexes
 15840 | Gauntlet | Killed a wizard
 15840 | Gauntlet | Reached XP level 12. HP: 84/84 MP: 0/21
 15866 | Gauntlet | Got a twitching brass ring
 15875 | Gauntlet | Learned a level 2 spell: Sublimation of Blood
 15910 | Gauntlet | Noticed a minotaur
 15921 | Gauntlet | Hit by a javelin thrown by a minotaur

Levels and vault maps discovered:
D:1:      arrival_zaba_pyramid, layout_loops_corners, minmay_indecisive_spiral
D:2:      cheibrodos_old_hovel, layout_rooms, nicolae_overflow_crystal_walls
D:3:      gammafunk_wand_slinger, layout_basic, old_standard_altar,
          minmay_misc_feat_enclosed
D:4:      layout_cave_pools, lemuel_temple_firewalk_a,
          nicolae_ossuary_entry_catacombs, first_ration, trog_hazing_becter
D:5:      layout_layer_cave, overflow_temple_1_default,
          chequers_serial_rivers_micro_b, uniq_menkaure, uniq_duvessa
D:6:      layout_basic, xom_redecorated, kennysheep_mini_moat, uniq_eustachio
D:7:      layout_loops_ring, lemuel_coloured_pillars_altar, serial_shops,
          nicolae_shop_crystal, uniq_crazy_yiuf_cottage
D:8:      layout_basic, serial_ice, serial_ice_g, serial_ice_n, serial_ice_f,
          serial_ice_h, serial_shops, nicolae_shop_trees, blue_anna_alchemist
          [blue_anna_fruit_fields, blue_anna_fruit_fields]
D:9:      layout_long_grid, marbit_many_paths, zin_angel, lemuel_crystal_altar,
          overflow_temple_1_default, ebering_ghost_rock_garden,
          minmay_misc_feat_x, uniq_erica
D:10:     layout_roguey, grunt_lair_entry_orc_guard_hut, serial_shops,
          nicolae_shop_crystal
Temple:   hc_temple_tempest_star
Lair:1:   layout_hall_layers, lemuel_fruit_tree
Lair:2:   layout_long_grid, serial_bayou_shore_b, grunt_megastairs_3,
          serial_bayou_shore_b
Lair:3:   layout_gridlike, palyth_hydra_swamp_entry, dummy_snake_entry,
          gauntlet_entry_generic, minivault_25, grunt_megastairs_1,
          uniq_nergalle
Gauntlet: minmay_gauntlet_77_tree [minmay_gauntlet_arena_77_block_sizes,
          minmay_gauntlet_arena_77_double_cross, minmay_gauntlet_arena_77_box,
          minmay_gauntlet_arena_77_mirror, minmay_gauntlet_arena_77_cramped,
          minmay_gauntlet_arena_77_checkered,
          minmay_gauntlet_arena_77_broken_ladder, gauntlet_exit_spiral]

Skill      XL: |  1  2  3  4  5  6  7  8  9 10 11 |
---------------+----------------------------------+-----
Stealth        | 5 6 7 8 10 12 13 14 | 14.0
Ice Magic      | 1 2 4 6 |  6.1
Shields        | 1 2 3 4 5 |  5.1
Hexes          | 5 6 7 8 10 | 10.2
Short Blades   | 2 3 4 |  4.0
Spellcasting   | 4 5 6 |  6.5
Dodging        | 4 6 |  6.3
Fighting       | 2 4 |  4.5
Evocations     | 2 3 |  3.3
Necromancy     | 2 5 9 |  9.2

Action                   |  1- 3 |  4- 6 |  7- 9 | 10-12 || total
-------------------------+-------+-------+-------+-------++-------
Melee: Dagger            |    85 |   128 |   191 |   220 ||   624
       Bite              |     4 |     4 |    11 |    17 ||    36
 Cast: Corona            |     6 |     2 |       |       ||     8
       Ensorcelled Hiber |    21 |    47 |   116 |   121 ||   305
       Confuse           |       |     4 |    23 |    44 ||    71
       Dazzling Spray    |       |       |    15 |     3 ||    18
       Tukima's Dance    |       |       |     2 |       ||     2
       Regeneration      |       |       |     2 |     4 ||     6
       Pain              |       |       |     1 |       ||     1
       Death Channel     |       |       |       |     2 ||     2
       Corpse Rot        |       |       |       |     1 ||     1
       Sublimation of Bl |       |       |       |     3 ||     3
Invok: Receive Corpses   |       |       |       |     1 ||     1
  Use: Potion            |       |     1 |       |     4 ||     5
       Scroll            |       |     5 |     6 |    17 ||    28
 Stab: Sleeping          |    24 |    47 |    99 |    74 ||   244
       Confused          |       |     5 |     7 |    22 ||    34
       Invisible         |       |       |     6 |     1 ||     7
       Distracted        |       |       |       |     3 ||     3
Armor: Robe              |    20 |    23 |    22 |    35 ||   100
Dodge: Dodged            |    54 |    47 |   127 |   134 ||   362
       Deflected         |       |     4 |    17 |     5 ||    26
Block: Buckler           |    13 |    18 |    56 |    70 ||   157
       Reflection        |       |       |       |     2 ||     2
